 Dungeon Crawl Stone Soup version 0.23.0 (webtiles) character file.

Game seed: 4798952481617626596

1216 theswoord the Cruncher (level 8, -9/56 HPs)
             Began as a Demonspawn Gladiator on Feb 16, 2019.
             Mangled by a gnoll
             ... wielding a +0 halberd
              (14 damage)
             ... on level 5 of the Dungeon.
             The game lasted 00:09:07 (3543 turns).

theswoord the Cruncher (Demonspawn Gladiator)       Turns: 3543, Time: 00:09:08

Health: -9/56      AC:  7    Str: 15    XL:     8   Next: 22%
Magic:  8/8        EV: 12    Int:  9    God:
Gold:   158        SH:  0    Dex: 17    Spells: 7/7 levels left

rFire    . . .     SeeInvis .   a - +1 quarterstaff
rCold    . . .     Gourm    .   (shield currently unavailable)
rNeg     . . .     Faith    +   g - +1 ring mail
rPois    .         Spirit   .   (helmet restricted)
rElec    .         Reflect  .   (no cloak)
rCorr    .         Harm     .   n - +0 pair of gloves
MR       .....                  (no boots)
Stlth    ++........             q - amulet of faith
HPRegen  2.18/turn              (no ring)
MPRegen  0.11/turn              (no ring)

@: no status effects
A: antennae 1, nightstalker 1, powered by death 3
a: no special abilities


You were on level 5 of the Dungeon.
You were not hungry.

You visited 1 branch of the dungeon, and saw 5 of its levels.

You collected 158 gold pieces.

Inventory:

Hand Weapons
 a - a +1 quarterstaff (weapon)
Missiles
 d - 3 throwing nets (quivered)
Armour
 b - a +0 leather armour
 c - a +0 helmet
 g - a +1 ring mail (worn)
 n - a +0 pair of gloves (worn)
Jewellery
 q - an amulet of faith (around neck)
Scrolls
 e - 2 scrolls of remove curse
 h - 2 scrolls of identify
 p - 2 scrolls of teleportation
 r - a scroll of enchant weapon
 s - a scroll of amnesia
 t - 2 scrolls of blinking
Potions
 i - a potion of curing
 j - 2 potions of degeneration
 k - a potion of brilliance
 o - 3 potions of lignification
Comestibles
 f - 10 rations
 m - 3 chunks of flesh


   Skills:
 - Level 2.0 Fighting
 + Level 9.5 Staves
 - Level 1.7 Throwing
 - Level 2.6 Dodging


You had 7 spell levels left.
You didn't know any spells.
Your spell library was empty.

Dungeon Overview and Level Annotations

Branches:
Dungeon (5/15)
 Temple: D:4-7

Altars:
Dithmenos
Nemelex Xobeh
Trog


Innate Abilities, Weirdness & Mutations

You have a pair of small antennae on your head.
You are slightly more attuned to the shadows.
You regenerate a lot of health from kills.


Message History

The gnoll hits you with a cursed -2 flail.
* * * LOW HITPOINT WARNING * * *
You hit the gnoll.
You kill the gnoll!
The gnoll closely misses you. The gnoll hits you but does no damage.
You hit the gnoll but do no damage. The gnoll hits you but does no damage.
The gnoll hits you with a +0 club.
* * * LOW HITPOINT WARNING * * *
You completely miss the gnoll. The gnoll barely misses you.
The gnoll hits you with a cursed -2 flail!
* * * LOW HITPOINT WARNING * * *
The gnoll hits you but does no damage.
You hit the gnoll. The gnoll hits you with a +0 halberd!
* * * LOW HITPOINT WARNING * * *
You sock the gnoll!
You kill the gnoll!
The gnoll hits you with a +0 club.
* * * LOW HITPOINT WARNING * * *
You sock the gnoll! The gnoll hits you with a +0 halberd!
You die...

♣≈≈P. #P.P≈♣ ♣≈≈..#
#..≈≈♣♣♣≈P..#
#..P≈♣PP≈P..#####
#..≈≈≈≈P≈........
########..PPP.....##...
.....)gg.............##
####.)@.....#.....#####
.....#####........# #
##### #........# ##
#...#......# #.
.....#......# #.
###.##......####. #.
##.....##... ..
#...........
..##...........


You could see 2 gnolls.

Vanquished Creatures
  Eustachio (D:4)
  Edmund (D:4)
  Duvessa (D:4)
  A phantom (D:4)
  A centaur (D:3)
  A gnoll sergeant (D:5)
  Dowan (D:4)
  A scorpion (D:4)
  2 bullfrog zombies
  An orc wizard (D:4)
  5 hounds
  A bullfrog skeleton (D:5)
  A worker ant (D:4)
  3 gnolls (D:5)
  A howler monkey skeleton (D:5)
  9 adders
  An adder skeleton (D:3)
  4 worms
  4 leopard geckos
  10 orcs
  8 giant cockroaches
  6 goblins
  8 hobgoblins
  4 jackals (D:4)
  3 quokkas (D:2)
  A ball python (D:1)
  5 bats
  7 frilled lizards
  11 kobolds
  A quokka skeleton (D:4)
  8 rats
112 creatures vanquished.

Notes
Turn   | Place    | Note
-------+----------+-------------------------------------------
     0 | D:1      | theswoord the Demonspawn Gladiator began the quest for the
                  | Orb.
     0 | D:1      | Reached XP level 1. HP: 16/16 MP: 1/1
   117 | D:1      | Reached skill level 3 in Staves
   185 | D:1      | Gained mutation: You regenerate a little health from kills.
                  | [demonic ancestry]
   185 | D:1      | Reached XP level 2. HP: 21/22 MP: 2/2
   731 | D:2      | Gained mutation: You regenerate health from kills. [demonic
                  | ancestry]
   731 | D:2      | Reached XP level 3. HP: 27/27 MP: 3/3
   741 | D:2      | Reached skill level 4 in Staves
   907 | D:2      | Gained mutation: You regenerate a lot of health from kills.
                  | [demonic ancestry]
   907 | D:2      | Reached XP level 4. HP: 30/33 MP: 4/4
   949 | D:2      | Found a sparkling altar of Nemelex Xobeh.
   991 | D:2      | Found a shadowy altar of Dithmenos.
  1382 | D:3      | Noticed a centaur
  1394 | D:3      | Killed a centaur
  1394 | D:3      | Reached skill level 5 in Staves
  1394 | D:3      | Reached XP level 5. HP: 7/38 MP: 5/5
  2161 | D:3      | Reached skill level 6 in Staves
  2371 | D:4      | Noticed a phantom
  2388 | D:4      | Killed a phantom
  2388 | D:4      | Reached XP level 6. HP: 31/44 MP: 6/6
  2496 | D:4      | Noticed Edmund
  2550 | D:4      | Killed Edmund
  2550 | D:4      | Reached skill level 7 in Staves
  2556 | D:4      | Gained mutation: You are slightly more attuned to the
                  | shadows. [demonic ancestry]
  2556 | D:4      | Reached XP level 7. HP: 15/50 MP: 7/7
  2747 | D:4      | Found a bloodstained altar of Trog.
  2762 | D:4      | Noticed Eustachio
  2947 | D:4      | Killed Eustachio
  2974 | D:4      | Noticed Dowan
  2976 | D:4      | Noticed Duvessa
  3001 | D:4      | Killed Duvessa
  3001 | D:4      | Reached skill level 8 in Staves
  3006 | D:4      | Killed Dowan
  3275 | D:4      | Reached skill level 9 in Staves
  3275 | D:4      | Gained mutation: You have a pair of small antennae on your
                  | head. [demonic ancestry]
  3275 | D:4      | Reached XP level 8. HP: 54/56 MP: 8/8
  3333 | D:5      | Entered Level 5 of the Dungeon
  3543 | D:5      | Mangled by a gnoll

Skill      XL: |  1  2  3  4  5  6  7 |
---------------+----------------------+-----
Staves         | 3 4 5 6 7 9 |  9.5
Fighting       | |  2.0
Throwing       | |  1.7
Dodging        | |  2.6

Action                   |  1- 3 |  4- 6 |  7- 9 || total
-------------------------+-------+-------+-------++-------
Melee: Quarterstaff      |   133 |   158 |   207 ||   498
  Use: Scroll            |     2 |    12 |     1 ||    15
       Potion            |       |     8 |     1 ||     9
 Stab: Distracted        |       |     1 |       ||     1
       Sleeping          |       |       |     4 ||     4
  Eat: Chunk             |       |     5 |     4 ||     9
Armor: Ring mail         |    57 |    43 |    67 ||   167
       Leather armour    |     1 |       |       ||     1
Dodge: Dodged            |    80 |    79 |   133 ||   292

Levels and vault maps discovered:
D:1:      zelgadis_glass_arrival_small, layout_basic, minmay_misc_feat_room
D:2:      layout_rooms, grunt_dithmenos_smoke_and_mirrors, lemuel_doored_altar
D:3:      layout_loops_corners, corexii_item_surrounded_by_moat
D:4:      layout_rooms, overflow_temple_1_default, first_ration, uniq_eustachio,
          uniq_duvessa, uniq_edmund
D:5:      layout_rooms, minmay_temple_entry_hall, serial_bayou_pond_c,
          lemuel_old_faithful
